 Dungeon Sprint DCSS version 0.22-a0-799-g88f5e907b7 (webtiles) character file.

1241 Htamos the Severer (level 8, -4/83 HPs)
             Began as a Hill Orc Fighter on July 21, 2018.
             Was a Believer of Lugonu.
             Slain by a demonic crawler (5 damage)
             ... in the Dungeon (Sprint I: "Red Sonja").
             The game lasted 00:02:47 (902 turns).

Htamos the Severer (Hill Orc Fighter)                Turns: 902, Time: 00:02:48

Health: -4/83      AC:  7    Str: 22    XL:     8   Next: 49%
Magic:  7/12       EV:  8    Int:  8    God:    Lugonu [**....]
Gold:   213        SH: 10    Dex: 12    Spells: 7/7 levels left

rFire    . . .     SeeInvis .   a - +0 war axe
rCold    . . .     Gourm    .   c - +0 shield
rNeg     . . .     Faith    .   b - +0 scale mail
rPois    .         Spirit   .   (no helmet)
rElec    .         Reflect  .   (no cloak)
rCorr    .         Harm     .   (no gloves)
MR       .....     NoTele   +   (no boots)
Stlth    ..........             (no amulet)
HPRegen  0.23/turn              d - +3 ring of strength
MPRegen  0.13/turn              (no ring)

@: no status effects
A: no striking features
a: Bend Space, Renounce Religion


You were in the Dungeon.
You worshipped Lugonu.
Lugonu was pleased with you.
You were not hungry.

You visited 1 branch You collected 417 gold pieces.
You spent 204 gold pieces at shops.

Inventory:

Hand Weapons
 a - a +0 war axe (weapon)
Armour
 b - a +0 scale mail (worn)
 c - a +0 shield (worn)
Jewellery
 d - a +3 ring of strength (left hand)
Scrolls
 k - a scroll of blinking
Potions
 e - a potion of curing
 g - a potion of heal wounds
 h - a potion of haste
 i - 2 potions of magic
Comestibles
 f - a ration


   Skills:
 + Level 11.8 Fighting
 * Level 16.6 Axes
 + Level 5.8 Armour
 + Level 5.8 Shields
 + Level 5.7 Invocations


You had 7 spell levels left.
You didn't know any spells.
Your spell library contained the following spells:

 Spells                   Type           Power        Failure   Level  Hunger
 Cause Fear               Hex            #.........   100%        4    #####..
 Slow                     Hex            #.......     99%         2    ###....
 Corona                   Hex            #......      98%         1    ##.....
 Portal Projectile        Hex/Tloc       #.....       100%        3    ####...
 Leda's Liquefaction      Hex/Erth       #.........   100%        4    #####..
 Inner Flame              Hex/Fire       #.......     100%        3    ####...


Dungeon Overview and Level Annotations

Branches:
Dungeon (1/1)

Altars:
Cheibriados
Dithmenos
Elyvilon
Fedhas
Gozag
Hepliaklqana
Kikubaaqudgha
Makhleb
Nemelex Xobeh
Okawaru
Qazlal
Ru
Sif Muna
Trog
Uskayaw
Vehumet
Wu Jian
Xom
Yredelemnul
Zin
The Shining One
Jiyva
Lugonu

Shops:
D =


Message History

* * * LOW HITPOINT WARNING * * *
Space bends around you!
You blink.
The demonic crawler barely misses you. x2
You block the demonic crawler's attack.
There is an open door, spattered with blood here.
Space bends around you!
You blink.
The demonic crawler barely misses you. The demonic crawler hits you.
* * * LOW HITPOINT WARNING * * *
The demonic crawler hits you.
* * * LOW HITPOINT WARNING * * *
The demonic crawler hits you.
* * * LOW HITPOINT WARNING * * *
You block the demonic crawler's attack. The demonic crawler barely misses you.
Space bends sharply around you!
You blink.
The demonic crawler hits you!
* * * LOW HITPOINT WARNING * * *
The demonic crawler completely misses you.
The demonic crawler hits you but does no damage.
Unknown command.
Space bends around you!
You blink.
The demonic crawler hits you.
You die...

##################
.#.)'..#__#..')..#
.'..#..'^.'..#)s@##+#
'#####'#__####§sss..#
.#...#.#### #####§.+
##..##.#§§§ #+##
_##'#_.+§§§
..'..._#§§§§ _##_.#'#
+## _###+#[# ## ###


You could see 4 demonic crawlers.

Vanquished Creatures
  2 kobold demonologists (D)
  A slime creature (D)
  Sigmund (D)
  A yak (D)
  A floating eye (D)
  An ogre (D)
  A jelly (D)
  Ijyb (D)
9 creatures vanquished.

Vanquished Creatures (others)
  A gargoyle (D)
1 creature vanquished.

Grand Total: 10 creatures vanquished

Notes
Turn   | Place    | Note
-------+----------+-------------------------------------------
     0 | D        | Htamos the Hill Orc Fighter began the quest for the Orb.
     0 | D        | Reached XP level 1. HP: 19/19 MP: 1/1
     3 | D        | Noticed Ijyb
    27 | D        | Killed Ijyb
    27 | D        | Reached skill level 5 in Fighting
    27 | D        | Reached skill level 6 in Axes
    27 | D        | Reached XP level 2. HP: 4/29 MP: 2/2
    27 | D        | Reached XP level 3. HP: 5/36 MP: 3/3
   277 | D        | Noticed an ogre
   279 | D        | Killed an ogre
   279 | D        | Reached skill level 10 in Axes
   279 | D        | Reached XP level 4. HP: 47/47 MP: 4/4
   284 | D        | Noticed Sigmund
   294 | D        | Killed Sigmund
   294 | D        | Reached skill level 13 in Axes
   294 | D        | Reached XP level 5. HP: 31/57 MP: 5/5
   294 | D        | Reached XP level 6. HP: 34/64 MP: 6/6
   449 | D        | Found a burning altar of Makhleb.
   449 | D        | Found a viscous altar of Jiyva.
   449 | D        | Found a shimmering altar of Xom.
   449 | D        | Found a corrupted altar of Lugonu.
   449 | D        | Noticed a slime creature
   458 | D        | Killed a slime creature
   458 | D        | Reached skill level 10 in Fighting
   458 | D        | Reached skill level 14 in Axes
   458 | D        | Reached XP level 7. HP: 73/73 MP: 7/7
   465 | D        | Killed a gargoyle
   485 | D        | Became a worshipper of Lugonu the Unformed
   485 | D        | Reached * piety under Lugonu
   501 | D        | Found an ornate altar of the Wu Jian Council.
   501 | D        | Found a deep blue altar of Sif Muna.
   503 | D        | Found a radiant altar of Vehumet.
   505 | D        | Reached skill level 15 in Axes
   545 | D        | Found Ifovou's Jewellery Emporium.
   545 | D        | Found an ancient bone altar of Kikubaaqudgha.
   545 | D        | Found a hazy altar of Hepliaklqana.
   545 | D        | Found a stormy altar of Qazlal.
   545 | D        | Found a hide-covered altar of Uskayaw.
   545 | D        | Found a blossoming altar of Fedhas.
   545 | D        | Found a bloodstained altar of Trog.
   545 | D        | Found an iron altar of Okawaru.
   545 | D        | Found a basalt altar of Yredelemnul.
   545 | D        | Found a glowing golden altar of the Shining One.
   545 | D        | Found a snail-covered altar of Cheibriados.
   545 | D        | Found a sacrificial altar of Ru.
   545 | D        | Found a glowing silver altar of Zin.
   545 | D        | Found a shadowy altar of Dithmenos.
   545 | D        | Found a white marble altar of Elyvilon.
   545 | D        | Noticed a yak
   552 | D        | Killed a yak
   553 | D        | Found an opulent altar of Gozag.
   554 | D        | Found a sparkling altar of Nemelex Xobeh.
   558 | D        | Bought a +3 ring of strength for 204 gold pieces
   622 | D        | Noticed a kobold demonologist
   622 | D        | Noticed a kobold demonologist
   625 | D        | Reached ** piety under Lugonu
   631 | D        | Noticed a red devil
   635 | D        | Killed a kobold demonologist
   635 | D        | Reached skill level 16 in Axes
   635 | D        | Reached skill level 5 in Armour
   635 | D        | Reached skill level 5 in Shields
   635 | D        | Reached XP level 8. HP: 74/82 MP: 8/11
   637 | D        | Noticed a hellwing
   638 | D        | Killed a kobold demonologist
   638 | D        | Reached skill level 5 in Invocations
   893 | D        | Noticed a demonic crawler
   893 | D        | Noticed a demonic crawler
   893 | D        | Noticed a demonic crawler
   893 | D        | Noticed a demonic crawler
   901 | D        | HP: 3/83 [demonic crawler (10)]
   902 | D        | Slain by a demonic crawler

Vault maps used:
D:        dungeon_sprint_1

Skill      XL: |  1  2  3  4  5  6  7  8 |
---------------+-------------------------+-----
Fighting       | 5 7 9 10 11 | 11.8
Axes           | 6 10 13 14 16 | 16.6
Armour         | 5 |  5.8
Shields        | 5 |  5.8
Invocations    | 4 5 |  5.7

Action                   |  1- 3 |  4- 6 |  7- 9 || total
-------------------------+-------+-------+-------++-------
Melee: War axe           |    23 |    17 |    24 ||    64
Invok: Bend Space        |       |       |     6 ||     6
  Use: Potion            |     1 |     1 |       ||     2
Armor: Scale mail        |     9 |     3 |    16 ||    28
Dodge: Dodged            |     3 |       |    10 ||    13
Block: Shield            |     6 |     5 |    20 ||    31

Table legend:
 A = Spawn XP
 B = Non-spawn XP
 C = Spawn XP percentage of total XP
 D = Spawn monster count
 E = Non-spawn monster count
 F = Spawn count percentage of total count
 G = Total turns spent on level
                    A         B        C        D         E        F      G
               +---------+---------+-------+---------+---------+-------+---------
         Total |       0 |    1773 |   0.0 |       0 |       9 |   0.0 |   902
               +---------+---------+-------+---------+---------+-------+---------
             D |       0 |    1773 |   0.0 |       0 |       9 |   0.0 |   902
               +---------+---------+-------+---------+---------+-------+---------
